 Dungeon Crawl Stone Soup version 0.27.1-33-g824d729ab1 (webtiles) character file.

Game seed: 4308354072924719986

36 comborobin the Sneak (level 3, 0/23 HPs)
             Began as a Kobold Delver on Dec 28, 2021.
             Succumbed to a kobold brigand's poison
             ... on level 4 of the Dungeon.
             The game lasted 00:00:55 (388 turns).

comborobin the Sneak (Kobold Delver)                 Turns: 388, Time: 00:00:55

Health: 0/23       AC:  3    Str:  9    XL:     3   Next: 57%
Magic:  3/3        EV: 14    Int: 11    God:
Gold:   4          SH:  0    Dex: 17    Spells: 2/2 levels left

rFire    . . .     SeeInvis .   a - +0 short sword
rCold    . . .     Faith    .   (shield restricted)
rNeg     . . .     Spirit   .   b - +0 leather armour
rPois    .         Reflect  .   (no helmet)
rElec    .         Harm     .   (no cloak)
rCorr    .         Rampage  .   (no gloves)
Will     .....                  (no boots)
Stlth    +++++.....             (no amulet)
HPRegen  0.07/turn              (no ring)
MPRegen  0.08/turn              (no ring)

@: mighty, lethally poisoned (0 -> -18), hasted, very quick
A: small, no large weapons, nightstalker 3
a: no special abilities


You were on level 4 of the Dungeon.
You visited 1 branch of the dungeon, and saw 2 of its levels.

You collected 4 gold pieces.

Inventory:

Hand Weapons
 a - a +0 short sword (weapon)
Missiles
 l - 11 poisoned darts (quivered)
Armour
 b - a +0 leather armour (worn)
 k - a +0 kite shield
Wands
 g - a wand of digging (3)
Scrolls
 c - a scroll of fog
 e - a scroll of fear
 i - a scroll of blinking {unknown}
 j - a scroll of noise {unknown}
 m - a scroll of identify
 n - a scroll of magic mapping
Potions
 h - a potion of brilliance


   Skills:
 - Level 3.4 Fighting
 + Level 3.0 Short Blades
 - Level 0.1 Armour
 - Level 2.5 Dodging
 - Level 7.7 Stealth


You had 2 spell levels left.
You didn't know any spells.
Your spell library was empty.

Dungeon Overview and Level Annotations

Branches:
Dungeon (5/15)
 Temple: D:4-7

Altars:

Shops:
D:4 *   D:5 =


Innate Abilities, Weirdness & Mutations

You are small and have problems with some larger weapons.
You are completely attuned to the shadows.


Message History

The poisoned dart hits the kobold brigand.
The kobold brigand is lightly wounded.
Unknown command.
Throw: 13 darts (poison)
Press: ? - help, Q - select action Shift-Dir - straight line, f/p - kobold brigand
Aim: a kobold brigand, wielding a +0 dagger and quivering poisoned darts (lightly wounded, 53% to hit)
You throw a poisoned dart.
The poisoned dart hits the kobold brigand.
The kobold brigand is poisoned.
The kobold brigand is lightly wounded.
Unknown command.
Throw: 12 darts (poison)
Press: ? - help, Q - select action Shift-Dir - straight line, f/p - kobold brigand
Aim: a kobold brigand, wielding a +0 dagger and quivering poisoned darts (moderately wounded, poisoned, 53% to hit)
You throw a poisoned dart.
The poisoned dart completely misses the kobold brigand.
The kobold brigand hits you with a +0 dagger.
* * * LOW HITPOINT WARNING * * *
Unknown command.
The kobold brigand throws a poisoned dart.
The poisoned dart hits you!
You are lethally poisoned!
* * * LOW HITPOINT WARNING * * *
You feel very sick.
Throw: 11 darts (poison)
Press: ? - help, Q - select action Shift-Dir - straight line, f/p - kobold brigand
Aim: a kobold brigand, wielding a +0 dagger and quivering poisoned darts (moderately wounded, poisoned, 53% to hit)
Okay, then.
You feel yourself speed up.
* * * LOW HITPOINT WARNING * * *
You feel sick.
The kobold brigand looks more healthy.
The kobold brigand throws a poisoned dart.
The poisoned dart hits you!
You are more poisoned.
Drop what? 13/52 slots (_ for help) (? for menu, Esc to quit)
Okay, then.
Unknown command.
It was a potion of might.
You feel very mighty all of a sudden.
You die...

,,,,,,,,,...###........#*
,,,,,,,<,....#.........#
,,,,,,,,,......((.....#*
,,,,,,,,,......#.....##
,,,,,,,,,.....##...###
,,,,,,,,,..#..######
,,,,,,,,,.*##.K##
,,,,,,,,,** ##K.##
,,,,,,,,** ###.@####### #
,,,,,,,,*
##..#.......##########
,,,,,,,**
#...#..##..........##.
,,,,,,**
##......####..###......
**,,,** *#.......# #..#
###.... ***** *........#
##.# #.... *.......## ###
#.... *##.....# #....
##....# #####


You could see a kobold brigand and a kobold.

Vanquished Creatures
  A hound (D:4)
  A worm (D:4)
  An orc (D:4)
  A kobold (D:4)
  A quokka (D:4)
5 creatures vanquished.

Notes
Turn   | Place    | Note
-------+----------+-------------------------------------------
     0 | D:5      | comborobin the Kobold Delver began the quest for the Orb.
     0 | D:5      | Reached XP level 1. HP: 14/14 MP: 1/1
    27 | D:4      | Found Ubuuc's Assorted Antiques.
   110 | D:4      | Noticed a hound
   114 | D:4      | Killed a hound
   115 | D:4      | Reached skill level 7 in Stealth
   115 | D:4      | Reached XP level 2. HP: 19/19 MP: 2/2
   115 | D:4      | Reached XP level 3. HP: 23/23 MP: 3/3
   369 | D:4      | Noticed a kobold brigand
   388 | D:4      | Succumbed to a kobold brigand's poison

Illustrated notes

Levels and vault maps discovered:
D:4:      layout_cave_pods, serial_shops, shop, chequers_ossuary_entry_cave
D:5:      layout_rooms, gammafunk_temple_overflow_pools, serial_shops,
          nicolae_stop_n_shop_1, hangedman_decor_clover_reticule, uniq_eustachio

Skill      XL: |  1  2  3 |
---------------+----------+-----
Stealth        | 7 |  7.7
Short Blades   | 3 |  3.0
Fighting       | |  3.4
Armour         | |  0.1
Dodging        | |  2.5

Action                   || total
-------------------------++-------
Melee: Short sword       ||     9
Throw: Dart              ||     3
  Use: Scroll            ||     2
       Potion            ||     2
 Stab: Sleeping          ||     4
Armor: Leather armour    ||     1
